 Dungeon Crawl Stone Soup version 0.31-a0-664-g902f515a81 (webtiles) character file.

Game seed: 3019128767207830742

1200086 Essalna the Conqueror (level 27, -2/199 HPs)
             Began as a Gargoyle Conjurer on Aug 31, 2023.
             Was the Champion of Vehumet.
             Killed from afar by a balrug (48 damage)
             ... with a fireball
             ... in Pandemonium on Sept 2, 2023.
             The game lasted 09:00:20 (102343 turns).

Essalna the Conqueror (Gargoyle Conjurer)         Turns: 102343, Time: 09:00:21

Health: -2/199     AC: 28    Str: 15    XL:     27
Magic:  56/67      EV: 15    Int: 48    God:    Vehumet [******]
Gold:   14562      SH: 16    Dex:  8    Spells: 9/77 levels left

rFire   x . .        g - +6 Majin-Bo {spellvamp, MP+6 Int+6}
rCold   + . .        K - +2 kite shield "Ymeck" {Regen+}
rNeg    + . .        (no body armour)
rPois   ∞            A - +3 crown of Dyrovepreva {rElec Int+2 SInv}
rElec   +            R - scarf {rC+ rF+}
rCorr   .            P - +0 pair of gloves {Str+3}
SInv    +            t - +1 pair of boots "Hero's Friend" {Will+ Int+4}
Will    ++++.        s - amulet of Xyn Noirr {RegenMP Str+2}
Stlth   ++           m - ring "Sushry" {rPois Will+ MP+9}
HPRegen 0.00/turn    Z - +6 ring of intelligence
MPRegen 0.80/turn

%: no passive effects
@: flying, inhibited regen, studying 4 skills
A: sickness immunity, AC +20, big wings, negative energy resistance 1,
electricity resistance, torment resistance 1, petrification resistance, dopey 1,
inhibited regeneration, weak 1, wild magic 1, heat vulnerability 2
}: 12/15 runes: decaying, serpentine, slimy, silver, golden, iron, obsidian,
icy, bone, abyssal, demonic, magical
a: Renounce Religion


You were in Pandemonium.
You worshipped Vehumet.
Vehumet was exalted by your worship.
You visited 18 branches of the dungeon, and saw 87 of its levels.
You visited Pandemonium 1 time, and saw 9 of its levels.
You visited the Abyss 1 time.
You visited 1 bazaar.

You collected 19395 gold pieces.
You spent 4833 gold pieces at shops.

Inventory:

Hand Weapons
 g - the +6 Majin-Bo (weapon) {spellvamp, MP+6 Int+6}
   (You bought it in a shop on level 3 of the Snake Pit)

   Int+6:     It affects your intelligence (+6).
   MP+6:      It affects your magic capacity (+6).
 x - the +2 war axe "Izarr" {freeze, rC++ rN+ Will++}
   (You found it on level 7 of Tartarus)

   rC++:      It greatly protects you from cold.
   rN+:       It protects you from negative energy.
   Will++:    It greatly increases your willpower.
Missiles
 C - 17 silver javelins
Armour
 e - the +4 tower shield "Beni" {Int+6 Dex+4}
   (You took it off a daeva in Pandemonium)

   Int+6:     It affects your intelligence (+6).
   Dex+4:     It affects your dexterity (+4).
 k - the +10 chain mail of the Locust {rF+ Str+3}
   (You found it on level 2 of the Dungeon)

   Str+3:     It affects your strength (+3).
   rF+:       It protects you from fire.
 t - the +1 pair of boots "Hero's Friend" (worn) {Will+ Int+4}
   (You found it on level 5 of the Vaults)

   Int+4:     It affects your intelligence (+4).
   Will+:     It increases your willpower.
 A - the +3 crown of Dyrovepreva (worn) {rElec Int+2 SInv}
   (You found it on level 3 of the Elven Halls)

   Int+2:     It affects your intelligence (+2).
   rElec:     It insulates you from electricity.
   SInv:      It lets you see invisible.
 D - the +5 scale mail of the Tarantula {rElec Will+ Regen+ Int+3}
   (You found it on level 7 of Gehenna)

   Int+3:     It affects your intelligence (+3).
   rElec:     It insulates you from electricity.
   Will+:     It increases your willpower.
   Regen+:    It increases your rate of health regeneration.
 E - the +3 buckler "Qushrima" {+Blink +Inv Regen+ Int-3}
   (You took it off a cherub in Pandemonium)

   Int-3:     It affects your intelligence (-3).
   +Inv:      It lets you turn invisible.
   +Blink:    It lets you blink.
   Regen+:    It increases your rate of health regeneration.
 K - the +2 kite shield "Ymeck" (worn) {Regen+}
   (You took it off Donald on level 4 of the Vaults)

   Regen+:    It increases your rate of health regeneration.
 P - a +0 pair of gloves of strength (worn)
 R - a scarf of resistance (worn)
Magical Staves
 y - the staff of Doors {rF+ rC+ Ice}
   (You found it on level 3 of the Elven Halls)

   [staff of cold]

   Base accuracy: +5 Base damage: 5 Base attack delay: 1.2 This weapon's minimum
   attack delay (0.6) is reached at skill level 12.
   rF+:       It protects you from fire.
   rC+:       It protects you from cold.
   Ice:       It increases the power of your Ice spells.
   It falls into the 'Staves' category.
   It is a one-handed weapon.
Jewellery
 m - the ring "Sushry" (left hand) {rPois Will+ MP+9}
   (You found it on level 5 of the Pits of Slime)

   [ring of poison resistance]

   rPois:     It protects you from poison Will+: It increases your willpower.
   MP+9:      It affects your magic capacity (+9).
 n - a ring of see invisible
 p - the amulet of Lelackea {Faith rPois rN+ Int-3}
   (You took it off an angel in Pandemonium)

   [amulet of faith]

   Faith:     It allows you to gain divine favour quickly.
   Int-3:     It affects your intelligence (-3).
   rPois:     It protects you from poison rN+: It protects you from negative
   energy.
 q - a ring of willpower
 s - the amulet of Xyn Noirr (around neck) {RegenMP Str+2}
   (You bought it in a shop on level 2 of the Snake Pit)

   [amulet of magic regeneration]

   RegenMP:   It increases your rate of magic regeneration.
   Str+2:     It affects your strength (+2).
 B - a +5 ring of evasion
 F - the amulet of Goakeiti {rC++ Regen+}
   (You took it off a deep elf zephyrmancer on level 3 of the Elven Halls)

   [amulet of regeneration]

   rC++:      It greatly protects you from cold.
   Regen+:    It increases your rate of health regeneration.
 Q - a +4 ring of protection
 U - a ring of resist corrosion
 X - the ring of Xom's Bemusement {Ice rN+ Int+3}
   (You took it off Josephina on level 4 of the Realm of Zot)

   [ring of ice]

   Ice:       It enhances your ice magic.
   Int+3:     It affects your intelligence (+3).
   rF-:       It makes you vulnerable to fire.
   rC+:       It protects you from cold.
   rN+:       It protects you from negative energy.
 Y - the ring of the Gloaming {Ice +Blink rElec Str-3 Dex+5}
   (You found it on level 3 of the Depths)

   [ring of ice]

   Ice:       It enhances your ice magic.
   Str-3:     It affects your strength (-3).
   Dex+5:     It affects your dexterity (+5).
   rF-:       It makes you vulnerable to fire.
   rC+:       It protects you from cold.
   rElec:     It insulates you from electricity.
   +Blink:    It lets you blink.
 Z - a +6 ring of intelligence (right hand)
Wands
 b - a wand of roots (61)
 S - a wand of light (59)
Scrolls
 r - 5 scrolls of amnesia
 u - 10 scrolls of poison
 v - 24 scrolls of teleportation
 z - 15 scrolls of revelation
 H - 9 scrolls of fog
 I - 8 scrolls of fear
 J - 2 scrolls of brand weapon
 M - 11 scrolls of blinking
 N - 2 scrolls of summoning
 O - 6 scrolls of silence
 T - 16 scrolls of immolation
 V - 11 scrolls of enchant armour
Potions
 a - 9 potions of cancellation
 c - 17 potions of enlightenment
 d - 14 potions of lignification
 h - 25 potions of curing
 i - 6 potions of berserk rage
 j - 11 potions of mutation
 l - 11 potions of brilliance
 o - 4 potions of magic
 w - 3 potions of resistance
 G - 6 potions of haste
 L - a potion of invisibility
 W - 12 potions of heal wounds
Miscellaneous
 f - a figurine of a ziggurat


   Skills:
 O Level 27 Fighting
 - Level 6.0 Staves
 + Level 20.8 Armour
 + Level 14.6 Dodging
 - Level 2.1 Stealth
 + Level 19.3 Shields
 + Level 25.7 Spellcasting
 + Level 26.1 Conjurations
 + Level 11.6 Necromancy
 + Level 25.1 Fire Magic
 + Level 25.1 Ice Magic
 O Level 27 Earth Magic


You had 9 spell levels left.
You knew the following spells:

 Your Spells              Type           Power      Damage    Failure   Level
a - Magic Dart            Conj           100%       1d8       1%          1
b - Searing Ray           Conj           100%       2d8       1%          2
c - Iskenderun's Battles  Conj           100%       2d15      1%          5
d - Passwall              Tmut/Erth      100%       N/A       1%          2
e - Fireball              Conj/Fire      79%        3d29      1%          5
f - Orb of Destruction    Conj           79%        9d18      1%          7
g - Ignition              Fire           78%        3d20      1%          8
h - Shatter               Erth           80%        3d58*     1%          9
i - Polar Vortex          Ice            78%        12d10*    1%          9
j - Fire Storm            Conj/Fire      79%        8d20      1%          9
k - Blink                 Tloc           100%       N/A       1%          2
l - Death's Door          Necr           61%        N/A       96%         9

Your spell library contained the following spells:

 Spells                   Type           Power      Damage    Failure   Level
 Apportation              Tloc           100%       N/A       1%          1
 Foxfire                  Conj/Fire      100%       2x1d9     1%          1
 Freeze                   Ice            100%       1d10      1%          1
 Kiss of Death            Conj/Necr      100%       2d13      1%          1
 Necrotise                Necr           100%       1d9       1%          1
 Sandblast                Erth           100%       2d20      1%          1
 Shock                    Conj/Air       100%       1d9       1%          1
 Slow                     Hex            100%       N/A       1%          1
 Sting                    Tmut/Pois      100%       1d8       1%          1
 Summon Small Mammal      Summ           100%       N/A       1%          1
 Call Imp                 Summ           100%       N/A       1%          2
 Ensorcelled Hibernation  Hex/Ice        100%       N/A       1%          2
 Lesser Beckoning         Tloc           100%       N/A       1%          2
 Momentum Strike          Conj/Tloc      100%       3d10      1%          2
 Poisonous Vapours        Pois/Air       100%       N/A       1%          2
 Scorch                   Fire           100%       2d9       1%          2
 Static Discharge         Conj/Air       100%       2-7/arc   1%          2
 Wereblood                Tmut           69%        N/A       1%          2
 Call Canine Familiar     Summ           69%        N/A       1%          3
 Confusing Touch          Hex            69%        N/A       1%          3
 Dazzling Flash           Conj/Hex       100%       N/A       1%          3
 Gell's Gravitas          Tloc           69%        N/A       1%          3
 Ignite Poison            Fire/Tmut/Pois 100%       N/A       1%          3
 Inner Flame              Hex/Fire       100%       N/A       1%          3
 Mephitic Cloud           Conj/Pois/Air  100%       N/A       1%          3
 Ozocubu's Armour         Ice            100%       N/A       1%          3
 Portal Projectile        Hex/Tloc       100%       N/A       1%          3
 Swiftness                Air            69%        N/A       1%          3
 Teleport Other           Tloc           69%        N/A       1%          3
 Tukima's Dance           Hex            69%        N/A       1%          3
 Vampiric Draining        Necr           100%       2d13      1%          3
 Volatile Blastmotes      Fire/Tloc      100%       2d18      1%          3
 Airstrike                Air            34%        2d(5-21)  1%          4
 Anguish                  Hex/Necr       50%        N/A       1%          4
 Animate Armour           Summ/Erth      100%       N/A       1%          4
 Animate Dead             Necr           100%       N/A       1%          4
 Dispel Undead            Necr           100%       3d31      1%          4
 Flame Wave               Conj/Fire      100%       2d21      1%          4
 Fulminant Prism          Conj/Hex       63%        3d26      1%          4
 Iskenderun's Mystic Bla  Conj/Tloc      100%       2d19      1%          4
 Leda's Liquefaction      Hex/Erth       64%        N/A       1%          4
 Olgreb's Toxic Radiance  Pois           69%        N/A       1%          4
 Petrify                  Tmut/Erth      100%       N/A       1%          4
 Summon Ice Beast         Ice/Summ       100%       N/A       1%          4
 Agony                    Necr           100%       N/A       1%          5
 Arcjolt                  Conj/Air       63%        1d73      1%          5
 Borgnjor's Vile Clutch   Necr/Erth      72%        N/A       1%          5
 Freezing Cloud           Conj/Ice/Air   69%        6-21      1%          5
 Irradiate                Conj/Tmut      63%        3d32      1%          5
 Lee's Rapid Deconstruct  Erth           80%        3d36*     1%          5
 Metabolic Englaciation   Hex/Ice        63%        N/A       1%          5
 Conjure Ball Lightning   Conj/Air       63%        3x3d23    1%          6
 Death Channel            Necr           61%        N/A       1%          6
 Plasma Beam              Fire/Air       63%        2x1d79    1%          6
 Simulacrum               Ice/Necr       71%        N/A       1%          6
 Starburst                Conj/Fire      79%        6d20      1%          6
 Ozocubu's Refrigeration  Ice            78%        4d24      1%          7
 Spellforged Servitor     Conj/Summ      63%        N/A       1%          7
 Lehudib's Crystal Spear  Conj/Erth      80%        10d18     1%          8
 Yara's Violent Unravell  Hex/Tmut       34%        3d14      3%          5
 Cause Fear               Hex            34%        N/A       4%          4
 Manifold Assault         Tloc           69%        N/A       4%          4
 Passage of Golubria      Tloc           69%        N/A       4%          4
 Summon Lightning Spire   Summ/Air       69%        N/A       4%          4
 Vhi's Electric Charge    Tloc/Air       100%       N/A       4%          4
 Alistair's Intoxication  Tmut/Pois      46%        N/A       12%         5
 Silence                  Hex/Air        34%        N/A       12%         5
 Summon Forest            Summ/Tloc      34%        N/A       12%         5
 Summon Mana Viper        Hex/Summ       69%        N/A       12%         5
 Eringya's Noxious Bog    Tmut/Pois      34%        4d6       16%         6
 Borgnjor's Revivificati  Necr           61%        N/A       22%         8
 Haunt                    Necr/Summ      50%        N/A       30%         7
 Chain Lightning          Conj/Air       63%        3d84      38%         9
 Dispersal                Tloc           34%        N/A       50%         6
 Summon Cactus Giant      Summ           34%        N/A       50%         6
 Enfeeble                 Hex            34%        N/A       96%         7
 Monstrous Menagerie      Summ           34%        N/A       96%         7
 Summon Hydra             Summ           34%        N/A       96%         7
 Maxwell's Capacitive Co  Air            34%        ∞         99%         8
 Discord                  Hex            34%        N/A       100%        8
 Disjunction              Tloc           34%        N/A       100%        8
 Cigotuvi's Dreadful Rot  Necr/Pois/Air  Unusable   N/A       N/A         2
 Sublimation of Blood     Necr           Unusable   N/A       N/A         2

Dungeon Overview and Level Annotations

Branches:
Dungeon (15/15)            Temple (1/1) D:7            Lair (5/5) D:10
  Swamp (4/4) Lair:2        Snake (4/4) Lair:2        Slime (5/5) Lair:5
    Orc (2/2) D:9             Elf (3/3) Orc:2        Vaults (5/5) D:14
  Crypt (3/3) Vaults:3       Tomb (3/3) Crypt:3      Depths (4/4) D:15
   Hell (visited)             Dis (7/7) Hell            Geh (7/7) Hell
    Coc (7/7) Hell            Tar (7/7) Hell            Zot (4/5) Depths:4

Altars:
Ashenzari
Cheibriados
Dithmenos
Elyvilon
Fedhas
Gozag
Hepliaklqana
Kikubaaqudgha
Makhleb
Nemelex Xobeh
Okawaru
Qazlal
Ru
Sif Muna
Trog
Uskayaw
Vehumet
Wu Jian
Xom
Yredelemnul
Zin
The Shining One

Shops:
D:2 (   D:6 (   D:7 [   D:8 *   D:12 (   Orc:2 ==(:   Elf:3 ?   Snake:1 =:
Snake:2 =   Snake:3 (([(   Snake:4 :   Depths:1 :   Depths:2 *   Depths:3 !*

Portals:
Hell: Lair:5 Depths:1 Depths:2 Depths:3 Depths:4
Abyss: Depths:3
Pandemonium: Depths:2
Ziggurat: Depths:4

Annotations:
Elf:1 exclusion: deep elf zephyrmancer
Depths:3 3 runed translucent doors
Pan Cerebov


Innate Abilities, Weirdness & Mutations

You are immune to sickness and miasma.
Your stone body is resilient. (AC +20)
You are immune to poison.
Your large and strong wings let you fly.
You resist negative energy. (rN+)
You are resistant to electric shocks. (rElec)
You are resistant to unholy torment.
You are immune to petrification.
You are dopey. (Int -2)
You do not regenerate when monsters are visible.
You are weak. (Str -2)
Your spells are a little harder to cast, but a little more powerful.
You are very vulnerable to heat. (rF--)


Message History

* * * LOW HITPOINT WARNING * * *
Casting: Orb of Destruction (safe; 1% risk of failure)
Confirm with . or Enter, or press ? or * to list all spells.
Aiming: Orb of Destruction (safe; 1% risk of failure)
Press: ? - help, Shift-Dir - straight line, f/p - sun demon
Aim: a sun demon (ally target)
* * * LOW HITPOINT WARNING * * *
Your orb of destruction hits a wall of the weird stuff which makes up Pandemonium.
Casting: Orb of Destruction (safe; 1% risk of failure)
Confirm with . or Enter, or press ? or * to list all spells.
Aiming: Orb of Destruction (safe; 1% risk of failure)
Press: ? - help, Shift-Dir - straight line, f/p - sun demon
Aim: a sun demon (ally target)
* * * LOW HITPOINT WARNING * * *
The orb of destruction hits the sun demon!!!!
You blow up the sun demon!
Vehumet accepts your kill.
You feel your power returning.
Your orb of destruction hits a wall of the weird stuff which makes up Pandemonium.
A balrug comes into view.
It is wielding a +0 demon whip of draining.
A balrug is nearby!
Casting: Orb of Destruction (safe; 1% risk of failure)
Confirm with . or Enter, or press ? or * to list all spells.
Aiming: Orb of Destruction (safe; 1% risk of failure)
Press: ? - help, Shift-Dir - straight line, f - balrug
Aim: a balrug, wielding a +0 demon whip of draining (wandering, hasn't noticed you)
The balrug shouts!
Casting: Orb of Destruction (safe; 1% risk of failure)
Confirm with . or Enter, or press ? or * to list all spells.
Aiming: Orb of Destruction (safe; 1% risk of failure)
Press: ? - help, Shift-Dir - straight line, f/p - balrug
Aim: a balrug, wielding a +0 demon whip of draining (ally target)
The balrug gestures at you. The bolt of fire hits you!!!
The fire burns you terribly!
* * * LOW HITPOINT WARNING * * *
The orb of destruction hits the balrug!!!
The balrug is severely wounded.
The balrug gestures at you.
The fireball explodes!
The fireball engulfs you!!! The fire burns you terribly!
You die...

#≈≈≈≈≈.#.# #####..........)......
#####§.#.###.....###........∩....
#...#≈§..^.............:..#######
'§).#≈...#######......).)........
#.).#≈...#####.........##########
#####≈(.................##.......
#≈≈≈≈≈...........)..))#.##.......
≈≈......#.####.....)..#.##.......
≈≈..............@.....#.##.......
≈≈.§......###....○○)..#.#########
#≈§§≈≈.§..# #....°○...#.# ###
#####≈....# #.....○...#.# ##..
#...#≈....# #.....○*..#.######.#.
'...#≈....###......2..#.##.......
#...#≈......#.........#.##..##...
#####§...####.........#..........
#≈≈≈§§.....!#.........###........


You could see a balrug (ally target).

Vanquished Creatures
  Antaeus (Coc:7)
  Asmodeus (Geh:7)
  the Royal Jelly (Slime:5)
  Ereshkigal (Tar:7)
  A seraph (Pan)
  Ignacio (Pan)
  the Serpent of Hell (Coc:7)
  Lom Lobon (Pan)
  3 ancient liches
  Dispater (Dis:7)
  Khufu (Crypt:3)
  A dread lich (Tar:6)
  2 orbs of fire
  7 juggernauts
  30 royal mummies
  Josephina (Zot:4)
  Vv (Depths:2)
  9 shard shrikes
  Bai Suzhen (Vaults:4)
  5 pandemonium lords (Pan)
  7 golden dragons
  28 caustic shrikes
  4 curse toes
  Geryon (Hell)
  Norris (Vaults:1)
  21 profane servitors
  21 bone dragons
  2 pearl dragons (Pan)
  20 Brimstone Fiends
  21 Tzitzimimeh
  2 spectral shard shrikes
  26 hellephants
  6 iron giants
  12 doom hounds
  An electric golem (Zot:2)
  23 Hell Sentinels
  19 tentacled monstrosities
  22 Ice Fiends
  29 tainted leviathans
  Asterion (Elf:2)
  8 liches
  4 quicksilver dragons
  10 death cobs
  26 searing wretches
  2 deep elf master archers (Elf:3)
  9 sphinxes
  7 Executioners (Pan)
  4 deep elf blademasters
  18 acid blobs
  20 titans
  Frances (Swamp:2)
  40 ancient champions
  3 tentacled starspawn
  6 tengu reavers
  Murray (Hell)
  3 draconian monks
  3 thorn hunters
  Donald (Vaults:4)
  The ghost of Muminul the Jinx, an adept DsBr of Dithmenos (Snake:4)
  31 azure jellies
  15 storm dragons
  Aizul (Snake:2)
  10 rockslimes
  The ghost of Ciar the Earth Mage, an adept GrCj of Vehumet (Snake:4)
  A fenstrider witch (Swamp:4)
  18 shadow dragons
  21 daevas (Pan)
  12 quicksilver elementals
  12 demonspawn warmongers (Pan)
  6 deep elf sorcerers
  3 draconian knights
  5 revenants
  26 fire giants
  8 iron dragons
  30 narguns
  6 draconian scorchers
  26 frost giants
  2 spectral juggernauts (Tar:3)
  13 vault wardens
  4 deep elf elementalists (Elf:3)
  4 draconian shifters
  A ghost moth (shapeshifter) (Depths:4)
  5 ghost moths
  50 balrugs
  A curse skull (Crypt:2)
  7 cacodemons
  Louise (Snake:3)
  16 reapers
  3 draconian stormcallers
  8 demonspawn blood saints (Pan)
  6 demonspawn corrupters (Pan)
  4 shard shrike simulacra
  26 angels (Pan)
  2 spriggan defenders (Depths:3)
  4 ghouls
  47 war gargoyles
  10 draconian annihilators
  15 very ugly things
  6 ironbound thunderhulks
  16 quicksilver oozes
  22 stone giants
  5 formless jellyfish
  19 ironbound preservers
  4 vampire knights
  32 apis (Pan)
  A caustic shrike skeleton (Hell)
  29 putrid mouths
  6 deep elf demonologists
  13 black draconians
  8 bennus
  5 eleionomae
  13 ophanim
  The ghost of Cuthed the Spear-Bearer, a journeyman OpCK of Hepliaklqana (D:14)
  7 purple draconians
  31 elemental wellsprings
  10 white draconians
  12 green draconians
  4 spark wasps
  The ghost of Piudghapt the Unseen, a journeyman SpBr (Depths:3)
  14 wendigos
  3 bunyips
  12 red draconians
  8 demonspawn black suns (Pan)
  6 yellow draconians
  7 lorocyprocas
  12 deep elf annihilators
  5 dire elephants
  28 iron golems
  8 crystal guardians
  22 mummy priests
  17 ettins
  9 eidola
  7 green deaths
  14 yaktaur captains
  13 deep elf death magi
  20 blizzard demons
  2 quicksilver dragon zombies
  7 fire dragons
  3 spectral krakens (Tar:7)
  8 deep elf high priests
  16 jiangshi
  3 entropy weavers
  A spectral spriggan (Tar:2)
  34 vault guards
  10 caustic shrike simulacra
  2 great orbs of eyes (shapeshifter) (Abyss:3)
  2 spriggan zombies (Hell)
  A fenstrider witch zombie (Hell)
  8 ice dragons
  17 rakshasas
  15 great orbs of eyes
  2 shambling mangroves (Swamp:3)
  A ghost crab (Swamp:3)
  6 juggernaut simulacra
  3 peacekeepers
  5 spriggan air magi
  5 hell beasts
  2 ogre magi (Vaults:5)
  5 death knights
  9 alligators
  25 hydras
  4 boulder beetles
  12 anacondas
  21 salamander tyrants
  2 catoblepae
  9 starcursed masses
  2 spriggan skeletons (Hell)
  A spectral draconian (Tar:2)
  4 stokers
  33 dancing weapons
  A fenstrider witch skeleton (Hell)
  12 ironbound frosthearts
  9 two-headed ogres
  51 death scarabs
  20 naga warriors
  8 death yaks
  5 tengu warriors
  36 hell hogs
  3 deep troll shamans
  6 deep troll earth magi
  18 demonic crawlers
  5 thrashing horrors (Abyss:3)
  An orc high priest (Orc:2)
  8 naga sharpshooters
  89 sun demons
  6 vampire magi
  12 shock serpents
  5 wretched stars
  31 soul eaters
  7 spriggan berserkers
  13 spriggans
  7 hell knights
  15 deep elf knights
  Amaemon (Lair:1)
  A skyshark (shapeshifter) (Abyss:3)
  14 crystal echidnas
  2 bunyip zombies
  10 salamander mystics
  A spectral minotaur (Tar:2)
  A spectral bunyip (Tar:1)
  9 iron trolls
  17 sixfirhies
  3 spriggan druids
  A sea snake (Snake:1)
  5 shadow wraiths
  66 deep trolls
  4 goliath frogs
  A storm dragon skeleton (Tomb:2)
  21 cherubim (Pan)
  31 skeletal warriors
  5 skysharks
  4 quicksilver dragon simulacra
  8 spriggan simulacra
  8 flayed ghosts
  12 lindwurms
  An orange crystal statue (Depths:1)
  4 bog bodies
  8 shadow demons
  5 naga ritualists
  18 phantasmal warriors
  8 swamp dragons
  18 wizards
  6 glowing orange brains
  13 orc knights
  13 necromancers
  15 ironbound convokers
  A tengu zombie (Vaults:3)
  3 harpies (Vaults:3)
  4 deep elf archers
  2 fenstrider witch simulacra
  A lindwurm (shapeshifter) (Vaults:5)
  6 orc sorcerers
  9 mana vipers
  A shadow dragon skeleton (Vaults:3)
  29 salamanders
  A golden dragon skeleton (Tomb:3)
  7 shining eyes
  41 ugly things
  A stone giant zombie (Vaults:2)
  25 deep elf pyromancers
  30 deep elf zephyrmancers
  A wolf spider (Depths:4)
  A salamander (shapeshifter) (Depths:3)
  3 oklob plants (Lair:5)
  5 will-o-the-wisps
  7 manticores
  2 worldbinders (Abyss:3)
  2 stone giant skeletons (Vaults:3)
  12 guardian serpents
  24 moths of wrath
  2 spectral centaurs (Tar:2)
  5 cyclopes
  4 fire giant skeletons
  5 rust devils
  2 centaur zombies
  A formless jellyfish zombie (Crypt:2)
  A frost giant skeleton (Vaults:3)
  3 guardian serpents (shapeshifter) (Abyss:3)
  2 dire elephant zombies (Hell)
  An elephant (shapeshifter) (Depths:3)
  13 elephants
  40 black mambas
  2 dire elephant skeletons
  4 apocalypse crabs
  13 naga magi
  12 molten gargoyles (Geh:7)
  3 titan simulacra
  25 vault sentinels
  Jeremiah (D:8)
  3 ice statues (Coc:7)
  2 storm dragon simulacra
  A torpor snail (Lair:3)
  36 smoke demons
  2 gargoyles
  23 orange demons
  An unseen horror (shapeshifter) (Vaults:5)
  18 cane toads
  13 spectral swamp worms (Tar:7)
  13 unseen horrors
  2 rime drakes (Lair:5)
  2 centaur skeletons
  19 freezing wraiths
  A minotaur zombie (Crypt:2)
  A komodo dragon (shapeshifter) (Vaults:5)
  42 hellions
  3 yaktaur zombies
  7 ice devils
  17 efreet
  44 tormentors
  4 spectral nagas
  6 tengu conjurers
  10 komodo dragons
  3 ancient zymes
  A bunyip simulacrum (Coc:2)
  3 iron giant simulacra
  2 yaktaur skeletons (Vaults:3)
  13 yaktaurs
  6 anaconda simulacra
  A golden dragon simulacrum (Coc:5)
  58 guardian mummies
  10 red devils
  A silent spectre (Tar:2)
  A death yak skeleton (Crypt:2)
  3 harpy zombies
  31 large abominations
  A spectral harpy (Tar:3)
  9 trolls
  A bloated husk (Swamp:3)
  16 hornets
  32 hellwings
  A polar bear (shapeshifter) (Elf:1)
  A wind drake (shapeshifter) (Vaults:5)
  A tengu simulacrum (Vaults:2)
  A harpy skeleton (Hell)
  8 tyrant leeches
  Prince Ribbit (D:8)
  3 shadow dragon simulacra
  8 saltlings
  4 blink frogs (Lair:5)
  A fire giant simulacrum (Vaults:3)
  2 polar bears
  2 raiju (Abyss:3)
  2 hydra skeletons
  8 dream sheep
  2 stone giant simulacra (Coc:1)
  157 slime creatures
  90 flying skulls
  A centaur simulacrum (Crypt:1)
  4 shadows (Crypt:3)
  3 iron dragon simulacra
  10 wraiths
  4 dire elephant simulacra
  2 air elementals
  2 ettin skeletons
  14 water elementals
  28 ushabtiu
  2 wyverns
  22 ynoxinuls
  3 humans (D:14)
  2 vampires
  5 fire bats
  7 neqoxecs
  7 fire elementals
  18 golden eyes
  50 yaks
  5 basilisks
  8 redbacks
  A wind drake skeleton (Crypt:1)
  An alligator snapping turtle simulacrum (Coc:2)
  An elf skeleton (Vaults:2)
  A steam dragon (D:9)
  20 vampire mosquitoes
  2 glowing shapeshifter zombies
  21 chaos spawn
  17 swamp worms
  59 nagas
  2 wargs (Orc:1)
  16 harpy simulacra
  3 acid dragons
  2 merfolk zombies (Crypt:1)
  A naga zombie (Hell)
  2 moth of wrath simulacra (Zot:4)
  Duvessa (D:7)
  3 hydra simulacra
  An entropy weaver zombie (Vaults:3)
  7 hell hounds
  21 water moccasins
  9 swamp drakes
  21 orc warriors
  3 floating eyes
  A glowing shapeshifter skeleton (Vaults:3)
  A deep troll skeleton (Crypt:1)
  2 sky beasts
  3 black bears (D:10)
  2 ice beasts
  4 ettin simulacra
  8 ogres
  17 wolves
  6 boggarts
  3 centaurs
  A swamp dragon skeleton (Crypt:2)
  A blink frog skeleton (Crypt:1)
  A phantom (Depths:4)
  13 small abominations
  10 bullfrogs
  A kobold brigand (D:8)
  A vine stalker zombie (Crypt:2)
  An earth elemental (Elf:3)
  4 necrophages (Crypt:3)
  8 scorpions
  4 naga simulacra
  A salamander skeleton (Crypt:1)
  An ogre simulacrum (Vaults:3)
  7 human skeletons (Vaults:3)
  11 wights
  2 raiju zombies
  Dowan (D:7)
  A water moccasin skeleton (Crypt:2)
  4 killer bees (D:10)
  A swamp dragon simulacrum (Coc:1)
  2 howler monkeys
  7 electric eels
  7 hounds
  2 lava snakes
  4 quasits
  3 jellies
  Crazy Yiuf (D:3)
  A bullfrog skeleton (Crypt:2)
  A gnoll bouda (D:4)
  15 orc priests
  3 sleepcaps
  An iron imp (Abyss:3)
  3 iguanas
  20 orc wizards
  A hell rat (Depths:4)
  49 mummies
  13 gnolls
  9 adders
  3 white imps (Abyss:2)
  5 ufetubi
  An iguana zombie (Crypt:1)
  3 dart slugs
  53 orcs
  9 endoplasms
  2 giant cockroaches
  4 goblins (D:1)
  5 hobgoblins
  A jackal (D:5)
  5 quokkas
  5 ball pythons
  5 bats
  7 frilled lizards
  7 kobolds
  9 rats
  2 ball lightnings (Pan)
  8 creeping infernos
  29 fire vortices
  6 lurking horrors
  A starspawn tentacle (Abyss:2)
4353 creatures vanquished.

Vanquished Creatures (collateral kills)
  A tainted leviathan (Tar:2)
  The ghost of disskorpion the Fencer, an adept DsGl of Jiyva (Swamp:4)
  The ghost of paps the Warrior, an adept DsGl of Gozag (Snake:1)
  A draconian monk (Zot:3)
  A fenstrider witch (Swamp:4)
  A spectral caustic shrike (Tar:5)
  A cherub (Pan)
  A spriggan druid (Swamp:4)
  2 hornets (Swamp:4)
  2 spriggans (Swamp:4)
12 creatures vanquished.

Vanquished Creatures (others)
  A pandemonium lord (Pan)
  A hellephant (Geh:7)
  An eldritch tentacle (Tomb:2)
  A vault warden (Vaults:5)
  The ghost of MrZuerg the Zephyrmancer, a journeyman OgAE of Gozag (D:11)
  A moth of wrath (Zot:1)
  A black mamba (Snake:3)
  An ancient zyme (Abyss:2)
  A ball lightning (Pan)
  3 creeping infernos (Geh:4)
  82 fire vortices
  9 foxfires (Swamp:2)
  A lurking horror (Abyss:3)
  A spectral weapon (Lair:5)
  3 starspawn tentacles (Abyss:2)
  12 tentacles (Tar:7)
120 creatures vanquished.

Grand Total: 4485 creatures vanquished

Notes
Turn   | Place    | Note
-------+----------+-------------------------------------------
     0 | D:1      | Essalna the Gargoyle Conjurer began the quest for the Orb.
     0 | D:1      | Reached XP level 1. HP: 10/10 MP: 3/3
   263 | D:1      | Reached XP level 2. HP: 16/16 MP: 0/5
   372 | D:1      | Reached skill level 1 in Fighting
   723 | D:1      | Found a faded altar of an unknown god.
   793 | D:1      | Reached XP level 3. HP: 20/20 MP: 3/6
  1145 | D:2      | Learned a level 2 spell: Searing Ray
  1366 | D:2      | Found Nity's Weapon Emporium.
  1639 | D:2      | Identified the +10 chain mail of the Locust {rF+ Str+3}
  1649 | D:2      | Found a sacrificial altar of Ru.
  2164 | D:3      | Noticed a water moccasin
  2175 | D:3      | Killed a water moccasin
  2176 | D:3      | Reached skill level 5 in Conjurations
  2176 | D:3      | Reached XP level 4. HP: 18/28 MP: 0/8
  2176 | D:3      | Reached XP level 5. HP: 20/32 MP: 0/9
  2359 | D:3      | Found a sparkling altar of Nemelex Xobeh.
  2369 | D:3      | Found a hide-covered altar of Uskayaw.
  2493 | D:3      | Found a shadowy altar of Dithmenos.
  2502 | D:3      | Identified a scroll of acquirement
  2502 | D:3      | Acquired the staff "Xilaqetilu" {rN+ Conj}
  2594 | D:3      | Found a runed translucent door.
  2595 | D:3      | Noticed Crazy Yiuf
  3091 | D:3      | Killed Crazy Yiuf
  3092 | D:3      | Reached XP level 6. HP: 37/37 MP: 2/11
  3297 | D:4      | You fall into a shaft and drop 1 floor!
  3297 | D:5      | Entered Level 5 of the Dungeon
  3619 | D:4      | Reached skill level 1 in Staves
  4083 | D:4      | Reached XP level 7. HP: 43/43 MP: 6/12
  4735 | D:5      | Found a shimmering altar of Xom.
  5201 | D:5      | Reached XP level 8. HP: 48/48 MP: 3/14
  5275 | D:5      | Reached skill level 5 in Fighting
  5632 | D:5      | Learned a level 5 spell: Iskenderun's Battlesphere
  5799 | D:6      | Reached skill level 5 in Spellcasting
  6063 | D:6      | Found Cimpo's Weapon Boutique.
  6346 | D:6      | Found an opulent altar of Gozag.
  6353 | D:6      | Found a sacrificial altar of Ru.
  6359 | D:6      | Found an ornate altar of the Wu Jian Council.
  6444 | D:6      | Identified the +6 spear of Indomitability {spect, rPois rN+
                  | Will++}
  6696 | D:6      | Noticed a wyvern
  6699 | D:6      | Killed a wyvern
  6700 | D:6      | Reached XP level 9. HP: 56/56 MP: 13/16
  6769 | D:6      | Reached skill level 5 in Staves
  6871 | D:7      | Noticed Dowan
  6997 | D:7      | Found Delakhon's Antique Armour Boutique.
  7002 | D:7      | Bought an embroidered robe for 114 gold pieces
  7138 | D:7      | Found a staircase to the Ecumenical Temple.
  7166 | Temple   | Entered the Ecumenical Temple
  7187 | Temple   | Became a worshipper of Vehumet
  7626 | D:7      | Noticed Duvessa
  7667 | D:7      | Killed Duvessa
  7672 | D:7      | Killed Dowan
  7907 | D:8      | Found Dimmeq's Neck Hole.
  8151 | D:8      | Noticed Jeremiah
  8159 | D:8      | Found a basalt altar of Yredelemnul.
  8181 | D:8      | Killed Jeremiah
  8182 | D:8      | Reached skill level 1 in Armour
  8189 | D:8      | Reached XP level 10. HP: 63/65 MP: 6/17
  8553 | D:8      | Noticed Prince Ribbit
  8557 | D:8      | Killed Prince Ribbit
  8557 | D:8      | Reached * piety under Vehumet
  8557 | D:8      | Offered knowledge of Sandblast by Vehumet.
  8815 | D:9      | Identified the +8 war axe of the Shouting Puffin {flame,
                  | rPois Will+}
  8852 | D:9      | Learned a level 2 spell: Passwall
  8916 | D:9      | Noticed a manticore
  8932 | D:9      | Killed a manticore
  8933 | D:9      | Reached skill level 10 in Conjurations
  9161 | D:9      | Found a staircase to the Orcish Mines.
  9520 | D:10     | Entered Level 10 of the Dungeon
  9655 | D:10     | Killed an unseen horror
  9692 | D:10     | Reached ** piety under Vehumet
  9694 | D:10     | Offered knowledge of Kiss of Death by Vehumet.
  9695 | D:10     | Reached skill level 5 in Armour
  9695 | D:10     | Reached XP level 11. HP: 72/72 MP: 11/18
  9725 | D:10     | Reached skill level 10 in Fighting
 10142 | D:10     | Found a staircase to the Lair.
 10160 | D:10     | Offered knowledge of Ignite Poison by Vehumet.
 10161 | D:10     | Reached skill level 5 in Dodging
 10374 | D:11     | Noticed a cyclops
 10378 | D:11     | Killed a cyclops
 10510 | D:11     | Reached *** piety under Vehumet
 10511 | D:11     | Noticed a manticore
 10520 | D:11     | Killed a manticore
 10851 | D:11     | Noticed a cyclops
 10857 | D:11     | Killed a cyclops
 10910 | D:11     | Offered knowledge of Olgreb's Toxic Radiance by Vehumet.
 11027 | D:11     | Reached XP level 12. HP: 80/80 MP: 17/19
 11162 | D:11     | Found a runed translucent gate.
 11162 | D:11     | Found a runed translucent gate.
 11162 | D:11     | Found a runed translucent gate.
 11165 | D:11     | Noticed MrZuerg's ghost (journeyman OgAE)
 11170 | D:11     | Identified the +3 chain mail of Terror {Harm Regen+ Dex+3}
 11700 | D:11     | Killed MrZuerg's ghost
 11955 | D:8      | Bought a scarf of resistance for 416 gold pieces
 12003 | Lair:1   | Entered Level 1 of the Lair of Beasts
 12199 | Lair:1   | Learned a level 5 spell: Fireball
 12321 | Lair:1   | Noticed a skyshark
 12333 | Lair:1   | Killed a skyshark
 12623 | Lair:2   | Found a gate leading to a gauntlet.
 12628 | Lair:2   | Noticed a catoblepas
 12628 | Lair:2   | Noticed Amaemon
 12816 | Lair:1   | Reached **** piety under Vehumet
 12825 | Lair:2   | Noticed a seven-headed hydra
 12833 | Lair:1   | Offered knowledge of Frozen Ramparts by Vehumet.
 12900 | Lair:2   | Noticed a five-headed hydra
 12951 | Lair:1   | Killed Amaemon
 13029 | Lair:2   | Killed a catoblepas
 13194 | Lair:2   | Killed a seven-headed hydra
 13195 | Lair:2   | Reached XP level 13. HP: 87/87 MP: 12/20
 13227 | Lair:2   | Identified the +0 ring mail of Midsummer {rPois}
 13482 | Lair:2   | Reached ***** piety under Vehumet
 13493 | Lair:2   | Found a staircase to the Swamp.
 13697 | Lair:2   | Found a staircase to the Snake Pit.
 14012 | Snake:1  | Entered Level 1 of the Snake Pit
 14067 | Snake:1  | Offered knowledge of Flame Wave by Vehumet.
 14081 | Snake:1  | Acquired 448 gold pieces
 14083 | Snake:1  | Found Hush's Book Boutique.
 14084 | Snake:1  | Found Zoptic's Jewellery Emporium.
 14085 | Snake:1  | Found Qeagg's Book Boutique.
 14138 | Snake:1  | Reached skill level 10 in Armour
 14899 | Snake:1  | Found a runed translucent gate.
 14899 | Snake:1  | Found a runed translucent gate.
 14899 | Snake:1  | Found a runed translucent gate.
 14899 | Snake:1  | Noticed paps's ghost (adept DsGl)
 16011 | Lair:4   | Gained mutation: Your large and strong wings let you fly.
                  | [Gargoyle growth]
 16011 | Lair:4   | Reached XP level 14. HP: 94/94 MP: 18/21
 16239 | Lair:4   | Reached skill level 1 in Fire Magic
 17134 | Lair:5   | Entered Level 5 of the Lair of Beasts
 17484 | Lair:5   | Noticed a dire elephant
 17693 | Lair:5   | Killed a dire elephant
 17880 | Lair:5   | Found a staircase to the Slime Pits.
 18246 | Lair:5   | Offered knowledge of Irradiate by Vehumet.
 18483 | Lair:5   | Reached skill level 5 in Fire Magic
 19071 | Lair:5   | Found a burning altar of Makhleb.
 19173 | Lair:5   | Reached skill level 15 in Fighting
 19568 | Lair:5   | Reached XP level 15. HP: 102/103 MP: 18/26
 19639 | Lair:5   | Found a gateway to Hell.
 19999 | Orc:1    | Entered Level 1 of the Orcish Mines
 20008 | Orc:1    | Learned a level 7 spell: Orb of Destruction
 20146 | Orc:1    | Found a shimmering altar of Xom.
 20478 | Orc:2    | Entered Level 2 of the Orcish Mines
 20531 | Orc:2    | Paralysed by an orc sorcerer for 5 turns
 21843 | Orc:2    | Found a staircase to the Elven Halls.
 21986 | Orc:2    | Found Qubadgh's Book Emporium.
 22004 | Orc:2    | Found Cuegas's Jewellery Boutique.
 22006 | Orc:2    | Found Goufo's Antique Weapon Boutique.
 22016 | Orc:2    | Bought a ring of magical power for 280 gold pieces
 22332 | Orc:2    | Found Etoeclist's Jewellery Shop.
 22433 | Elf:1    | Entered Level 1 of the Elven Halls
 22745 | Elf:1    | Paralysed by an air elemental for 1 turns
 22859 | Elf:1    | Noticed a deep elf sorcerer
 22870 | Elf:1    | Killed a deep elf sorcerer
 23125 | Elf:1    | Found a huge runed gate.
 23125 | Elf:1    | Found a huge runed gate.
 23125 | Elf:1    | Found a huge runed gate.
 23125 | Elf:1    | Found a huge runed gate.
 23126 | Elf:1    | Found a huge runed gate.
 23127 | Elf:1    | Found a huge runed gate.
 23128 | Elf:1    | Found a huge runed gate.
 23128 | Elf:1    | Found a huge runed gate.
 23128 | Elf:1    | Found a huge runed gate.
 23128 | Elf:1    | Found a huge runed gate.
 23145 | Elf:1    | Found a huge runed gate.
 23145 | Elf:1    | Found a huge runed gate.
 23145 | Elf:1    | Found a huge runed gate.
 23145 | Elf:1    | Found a huge runed gate.
 23145 | Elf:1    | Found a huge runed gate.
 23145 | Elf:1    | Found a huge runed gate.
 23146 | Elf:1    | Found a huge runed gate.
 23147 | Elf:1    | Found a huge runed gate.
 23148 | Elf:1    | Found a huge runed gate.
 23157 | Elf:1    | Found a huge runed gate.
 23157 | Elf:1    | Found a huge runed gate.
 23167 | Elf:1    | Found a huge runed gate.
 23312 | Elf:1    | Found a huge runed gate.
 23313 | Elf:1    | Found a huge runed gate.
 23315 | Elf:1    | Found a huge runed gate.
 23316 | Elf:1    | Found a huge runed gate.
 23316 | Elf:1    | Found a huge runed gate.
 23317 | Elf:1    | Found a huge runed gate.
 23331 | Elf:1    | Found a huge runed gate.
 23331 | Elf:1    | Found a huge runed gate.
 23331 | Elf:1    | Found a huge runed gate.
 23331 | Elf:1    | Found a huge runed gate.
 23331 | Elf:1    | Found a huge runed gate.
 23332 | Elf:1    | Found a huge runed gate.
 23333 | Elf:1    | Found a huge runed gate.
 23334 | Elf:1    | Found a huge runed gate.
 23522 | Elf:1    | Offered knowledge of Plasma Beam by Vehumet.
 23797 | Elf:1    | Noticed a deep elf blademaster
 24040 | Elf:1    | Reached XP level 16. HP: 112/112 MP: 29/29
 24195 | Elf:1    | Killed a deep elf blademaster
 24278 | Elf:1    | Reached skill level 10 in Fire Magic
 24864 | Elf:2    | Noticed Asterion
 25055 | Elf:2    | Killed Asterion
 25189 | Elf:2    | Found a runed translucent gate.
 25190 | Elf:2    | Found a runed translucent gate.
 25190 | Elf:2    | Found a runed translucent gate.
 25294 | Elf:2    | Identified the +2 leather armour of Miefiota {Will+ Regen+}
 25889 | Swamp:1  | Entered Level 1 of the Swamp
 26490 | Swamp:1  | Noticed a thorn hunter
 26495 | Swamp:1  | Killed a thorn hunter
 26496 | Swamp:1  | Reached XP level 17. HP: 120/120 MP: 24/30
 26718 | Swamp:2  | Reached ****** piety under Vehumet
 26718 | Swamp:2  | Offered knowledge of Leda's Unmaking by Vehumet.
 26944 | Swamp:2  | Noticed Frances
 26949 | Swamp:2  | Killed Frances
 28098 | Swamp:4  | Entered Level 4 of the Swamp
 28572 | Swamp:4  | Noticed a tentacled monstrosity
 28583 | Swamp:4  | Killed a tentacled monstrosity
 29100 | Swamp:4  | Learned a level 8 spell: Ignition
 29219 | Swamp:4  | Got a decaying rune of Zot
 29267 | Swamp:4  | Found a runed translucent door.
 29273 | Swamp:4  | Noticed disskorpion's ghost (adept DsGl)
 29273 | Swamp:4  | Identified the +3 trident "Wedek" {protect, rPois}
 29497 | Swamp:4  | Offered knowledge of Yara's Violent Unravelling by Vehumet.
 29502 | Swamp:4  | Killed disskorpion's ghost
 29503 | Swamp:4  | Reached XP level 18. HP: 131/131 MP: 31/31
 29522 | Swamp:4  | Identified the +2 cloak of the Unicorn {rF+ rC- Dex+2}
 29979 | Snake:1  | Killed paps's ghost
 30023 | Snake:2  | Noticed Aizul
 30235 | Snake:2  | Reached skill level 15 in Fire Magic
 30822 | Snake:2  | Killed Aizul
 30823 | Snake:2  | Reached skill level 1 in Shields
 31399 | Snake:2  | You are sucked into a shaft and drop 1 floor!
 31399 | Snake:3  | Found Jorou's Antique Armour Shop.
 31399 | Snake:3  | Found Rivafy's Antique Weapon Shop.
 31399 | Snake:3  | Found Jukusk's Weapon Boutique.
 31401 | Snake:3  | Found Caocw's Weapon Boutique.
 31410 | Snake:3  | Noticed Louise
 31440 | Snake:3  | Offered knowledge of Freezing Cloud by Vehumet.
 31448 | Snake:3  | Killed Louise
 31697 | Snake:3  | Bought the +6 Majin-Bo {spellvamp, MP+6 Int+6} for 933 gold
                  | pieces
 31697 | Snake:3  | Found the +6 Majin-Bo {spellvamp, MP+6 Int+6}
 31703 | Snake:3  | Bought a heavily runed troll leather armour for 640 gold
                  | pieces
 31703 | Snake:3  | Identified the +1 troll leather armour "Biriapn" {Harm
                  | Regen+} (You bought it in a shop on level 3 of the Snake
                  | Pit)
 31703 | Snake:3  | Bought a pair of embroidered gloves for 240 gold pieces
 32442 | Snake:4  | Entered Level 4 of the Snake Pit
 32444 | Snake:4  | Noticed Muminul's ghost (adept DsBr)
 32524 | Snake:4  | Found a runed translucent gate.
 32524 | Snake:4  | Found a runed translucent gate.
 32524 | Snake:4  | Found a runed translucent gate.
 32524 | Snake:4  | Noticed Ciar's ghost (adept GrCj)
 32634 | Snake:4  | Reached XP level 19. HP: 136/139 MP: 32/32
 32888 | Snake:4  | Found Moto's Book Shop.
 33078 | Snake:4  | Offered knowledge of Lehudib's Crystal Spear by Vehumet.
 33266 | Snake:4  | Found a shimmering altar of Xom.
 34153 | Orc:2    | Bought a book of Annihilations for 900 gold pieces
 34291 | Elf:2    | Reached skill level 1 in Earth Magic
 34293 | Elf:2    | Reached skill level 5 in Shields
 34602 | Elf:3    | Entered Level 3 of the Elven Halls
 34745 | Elf:3    | Reached skill level 5 in Earth Magic
 34842 | Elf:2    | Found a shimmering blue altar of Sif Muna.
 34883 | Elf:3    | Found Uthita's Magic Scroll Emporium.
 35206 | Elf:3    | Identified the +8 flail of the Key {venom, rF- Will+ Dex+4
                  | Stlth+}
 35212 | Elf:3    | Identified the staff "Hiut" {rElec rC+ Conj}
 35309 | Elf:3    | Identified the amulet of Goakeiti {rC++ Regen+}
 35468 | Elf:3    | Identified the +1 glaive "Wuyhee" {pain, *Rage rN++}
 35469 | Elf:3    | Found the +3 crown of Dyrovepreva {rElec Int+2 SInv}
 35476 | Elf:3    | Identified the staff of Indignation {rPois MP+9 Str+6 Dex-3
                  | Ice Poison}
 35599 | Elf:3    | Identified the staff of Doors {rF+ rC+ Ice}
 35618 | Elf:3    | Got the Vellum of the Figure and Necromantic Acts
 36614 | D:12     | Found Eceaz's Weapon Emporium.
 36875 | D:12     | Reached XP level 20. HP: 146/146 MP: 33/33
 37698 | D:13     | Offered knowledge of Lehudib's Crystal Spear by Vehumet.
 37698 | D:13     | Offered knowledge of Polar Vortex by Vehumet.
 38446 | D:14     | Found a runed translucent gate.
 38446 | D:14     | Found a runed translucent gate.
 38447 | D:14     | Found a runed translucent gate.
 38451 | D:14     | Noticed Cuthed's ghost (journeyman OpCK)
 38535 | D:14     | Killed Cuthed's ghost
 38536 | D:14     | Reached skill level 10 in Shields
 38860 | D:14     | Found a gate to the Vaults.
 39016 | D:15     | Entered Level 15 of the Dungeon
 39016 | D:15     | Found a staircase to the Depths.
 39238 | D:15     | Reached skill level 10 in Earth Magic
 39960 | Depths:1 | Entered Level 1 of the Depths
 40155 | Depths:1 | Found a runed translucent door.
 40514 | Depths:1 | Found Viocex's Book Emporium.
 41618 | Vaults:1 | Entered Level 1 of the Vaults
 41818 | Vaults:1 | Noticed Norris
 41827 | Vaults:1 | Killed Norris
 42029 | Vaults:1 | Noticed an ancient lich
 42610 | D:14     | Reached XP level 21. HP: 115/152 MP: 12/34
 43664 | Vaults:2 | Reached skill level 15 in Earth Magic
 45433 | Vaults:3 | Reached XP level 22. HP: 157/157 MP: 18/35
 45663 | Vaults:3 | Got the Incunable of Mutable Illusion
 46512 | Vaults:3 | Found a staircase to the Crypt.
 47405 | Vaults:4 | Identified the +2 kite shield "Ymeck" {Regen+}
 47405 | Vaults:4 | Noticed Donald
 47408 | Vaults:4 | Killed Donald
 47833 | Vaults:4 | Learned a level 9 spell: Shatter
 47878 | Vaults:5 | Entered Level 5 of the Vaults
 47878 | Vaults:5 | Noticed a golden dragon
 47893 | Vaults:4 | Killed a golden dragon
 47972 | Vaults:5 | Reached skill level 10 in Spellcasting
 47982 | Vaults:5 | Noticed an ancient lich
 47984 | Vaults:5 | Identified the ring of Eliucuy {Ice Drain Int+3 Dex+6}
 47986 | Vaults:5 | Reached XP level 23. HP: 163/163 MP: 34/37
 47992 | Vaults:4 | Killed an ancient lich
 48054 | Vaults:5 | Noticed Bai Suzhen
 48069 | Vaults:4 | Killed Bai Suzhen
 48291 | Vaults:5 | Noticed an ancient lich
 48352 | Vaults:5 | Killed an ancient lich
 48724 | Vaults:5 | Got the Codex of the Immovable Heavens
 49257 | Vaults:5 | Found the +9 sword of Zonguldrok {reap}
 49272 | Vaults:5 | Identified the +1 pair of boots "Hero's Friend" {Will+
                  | Int+4}
 49276 | Vaults:5 | Got a silver rune of Zot
 49282 | Vaults:5 | Identified the +6 scale mail of Hoim {rC+ rCorr MP+9}
 49298 | Vaults:5 | Identified the +10 hand axe of Ashenzari {flame, Str+2}
 49406 | Vaults:5 | Identified the +1 buckler of Ociongelao {rC+ Dex+3}
 49730 | Crypt:1  | Entered Level 1 of the Crypt
 50314 | Crypt:1  | Reached skill level 10 in Dodging
 51346 | Crypt:3  | Entered Level 3 of the Crypt
 51567 | Crypt:3  | Found a basalt altar of Yredelemnul.
 51572 | Crypt:3  | Reached XP level 24. HP: 149/171 MP: 18/39
 51596 | Crypt:3  | Reached skill level 15 in Shields
 52195 | Crypt:3  | Learned a level 9 spell: Polar Vortex
 52399 | Crypt:3  | Reached skill level 1 in Ice Magic
 52530 | Crypt:3  | Noticed Khufu
 52547 | Crypt:3  | Killed Khufu
 52643 | Crypt:3  | Found a staircase to the Tomb.
 52713 | Crypt:3  | Identified the +5 flail "Deitsun" {freeze, Dex+2}
 53362 | Snake:2  | Found Isomaory's Jewellery Emporium.
 53370 | Snake:2  | Bought the amulet of Xyn Noirr {RegenMP Str+2} for 494 gold
                  | pieces
 53850 | Snake:4  | Reached skill level 5 in Ice Magic
 53948 | Snake:4  | Got a serpentine rune of Zot
 54005 | Snake:4  | Killed Ciar's ghost
 54015 | Snake:4  | Killed Muminul's ghost
 54274 | Slime:1  | Entered Level 1 of the Pits of Slime
 54732 | Slime:2  | Gained mutation: Your spells are a little easier to cast,
                  | but a little less powerful. [a shining eye]
 55144 | Slime:3  | Gained mutation: You are dopey. (Int -2) [a shining eye]
 55461 | Slime:5  | Entered Level 5 of the Pits of Slime
 55672 | Slime:5  | Noticed the Royal Jelly
 55673 | Slime:5  | Gained mutation: You are weak. (Str -2) [a shining eye]
 55675 | Slime:5  | Reached skill level 10 in Ice Magic
 55678 | Slime:5  | Killed the Royal Jelly
 55878 | Slime:5  | Identified the +5 longbow of the Bear {flame, *Corrode rC++
                  | rN++}
 55880 | Slime:5  | Identified the +3 hand axe of Annoyance {freeze, Fly Str+2}
 55892 | Slime:5  | Identified the +5 scale mail of True Grit {MP+9}
 55895 | Slime:5  | Identified the +6 great mace of Teno {flame, rC+++ rN+
                  | Dex-2}
 55960 | Slime:5  | Reached XP level 25. HP: 176/176 MP: 12/40
 56268 | Slime:5  | Got a slimy rune of Zot
 56276 | Slime:5  | Identified the ring of Vuruewnalu {rPois SInv}
 56579 | Slime:5  | Found the +8 storm bow {elec, penet}
 56605 | Slime:5  | Identified the +4 plate armour "Nasyin" {Dex+2}
 56606 | Slime:5  | Identified the ring "Sushry" {rPois Will+ MP+9}
 56911 | Slime:4  | Upgraded the game from 0.31-a0-659-gc5a091b79a to
                  | 0.31-a0-662-g684573625c
 57588 | Slime:3  | Gained mutation: You are frail. (-10% HP) [a shining eye]
 57759 | Lair:5   | Lost mutation: Your spells are a little easier to cast, but
                  | a little less powerful. [potion of mutation]
 57759 | Lair:5   | Lost mutation: You are weak. (Str -2) [potion of mutation]
 57759 | Lair:5   | Gained mutation: Armour fits poorly on your strangely
                  | shaped body. [potion of mutation]
 57759 | Lair:5   | Gained mutation: You have hidden genetic potential. [potion
                  | of mutation]
 57760 | Lair:5   | Lost mutation: Armour fits poorly on your strangely shaped
                  | body. [potion of mutation]
 57760 | Lair:5   | Lost mutation: You have hidden genetic potential. [potion
                  | of mutation]
 57760 | Lair:5   | Lost mutation: You are dopey. (Int -2) [potion of mutation]
 57760 | Lair:5   | Gained mutation: You are clumsy. (Dex -2) [potion of
                  | mutation]
 57761 | Lair:5   | Lost mutation: You are frail. (-10% HP) [potion of
                  | mutation]
 57761 | Lair:5   | Lost mutation: You are clumsy. (Dex -2) [potion of
                  | mutation]
 57761 | Lair:5   | Gained mutation: Your spells are a little harder to cast,
                  | but a little more powerful. [potion of mutation]
 58072 | Depths:1 | Identified the ring of Famify {rC+ rN+ Slay+5}
 58141 | Depths:2 | Noticed Vv
 58149 | Depths:2 | Killed Vv
 58152 | Depths:2 | Reached skill level 15 in Ice Magic
 58425 | Depths:2 | Identified the +0 leather armour of the Sneaky Persimmons
                  | {*Slow +Inv rF+ Int+5}
 58647 | Depths:2 | Found Goist's General Store.
 58668 | Depths:2 | Found a one-way gate leading to the halls of Pandemonium.
 58952 | Depths:2 | Found a glowing golden altar of the Shining One.
 59323 | Depths:3 | Paralysed by a floating eye for 4 turns
 59350 | Depths:3 | Identified the ring of the Gloaming {Ice +Blink rElec Str-3
                  | Dex+5}
 59425 | Depths:3 | Noticed Piudghapt's ghost (journeyman SpBr)
 59427 | Depths:3 | Killed Piudghapt's ghost
 59469 | Depths:3 | Found a runed translucent gate.
 59469 | Depths:3 | Found a runed translucent gate.
 59469 | Depths:3 | Found a runed translucent gate.
 59474 | Depths:3 | Identified the +0 hat "Nucaegenk" {rElec}
 59528 | Depths:3 | Found Lakhoama's Fire Supplies.
 59614 | Depths:3 | Reached XP level 26. HP: 182/182 MP: 40/40
 59704 | Depths:3 | Found a one-way gate to the infinite horrors of the Abyss.
 59814 | Depths:3 | Identified the ring of Elicw {Fly rPois Str+3 Stlth+}
 59930 | Depths:3 | Found Ykkal's Distillery.
 59933 | Depths:3 | Bought a potion of ambrosia for 192 gold pieces
 59933 | Depths:3 | Bought a potion of haste for 240 gold pieces
 59933 | Depths:3 | Bought 2 potions of invisibility for 384 gold pieces
 60306 | Depths:3 | Got Yva Cea's Omnibus of Rank Hail
 60310 | Depths:3 | Got Jaybim's Handbook of Azure Forms
 60313 | Depths:3 | Identified the staff of Evil {rElec rPois rC+ Str+2 SInv
                  | Ice}
 60455 | Depths:4 | Entered Level 4 of the Depths
 60817 | Depths:4 | Found a gate to the Realm of Zot.
 60966 | Depths:4 | Found a one-way gateway to a ziggurat.
 61044 | Depths:4 | Found a flickering gateway to a bazaar.
 61054 | Bazaar   | Entered a bazaar
 61056 | Bazaar   | Found Gurot's Armour Emporium.
 61074 | Bazaar   | Found Noaph's Antique Armour Shoppe.
 61093 | Bazaar   | Found Gufasiod's General Store.
 61436 | Depths:4 | Found a runed translucent gate.
 61436 | Depths:4 | Found a runed translucent gate.
 61436 | Depths:4 | Found a runed translucent gate.
 61826 | Hell     | Entered the Vestibule of Hell
 61826 | Hell     | Noticed Geryon
 61902 | Hell     | Noticed Murray
 61905 | Hell     | Killed Geryon
 61908 | Hell     | Killed Murray
 62098 | Hell     | Found a gateway to the Iron City of Dis.
 62132 | Hell     | Found a gateway to the ashen valley of Gehenna.
 62185 | Hell     | Found a gateway to the decaying netherworld of Tartarus.
 62272 | Hell     | Found a gateway to the freezing wastes of Cocytus.
 62451 | Depths:3 | Voluntarily entered the Abyss.
 62511 | Abyss:1  | Found a corrupted altar of Lugonu.
 62562 | Abyss:1  | Found a corrupted altar of Lugonu.
 63134 | Abyss:3  | Paralysed by accursed screaming for 1 turns
 63187 | Abyss:3  | Got an abyssal rune of Zot
 63425 | Depths:3 | Escaped the Abyss
 63812 | Tomb:1   | Entered Level 1 of the Tomb of the Ancients
 63910 | Tomb:1   | Noticed a royal mummy
 63915 | Tomb:1   | Killed a royal mummy
 63944 | Tomb:1   | Noticed a royal mummy
 63950 | Tomb:1   | Killed a royal mummy
 63950 | Tomb:1   | Noticed a royal mummy
 63952 | Tomb:1   | Noticed a royal mummy
 64012 | Tomb:1   | Killed a royal mummy
 64014 | Tomb:1   | Killed a royal mummy
 64074 | Tomb:1   | Reached XP level 27. HP: 188/188 MP: 40/40
 64135 | Tomb:1   | Found the +0 mask of the Dragon {Will+ Slay+3 SInv}
 64185 | Tomb:1   | Noticed a royal mummy
 64190 | Tomb:1   | Killed a royal mummy
 64278 | Tomb:1   | Noticed a royal mummy
 64282 | Tomb:1   | Noticed a royal mummy
 64354 | Tomb:1   | Killed a royal mummy
 64359 | Tomb:1   | Killed a royal mummy
 64908 | Tomb:1   | Noticed a royal mummy
 64920 | Tomb:1   | Noticed a royal mummy
 64924 | Tomb:1   | Killed a royal mummy
 64937 | Tomb:1   | Killed a royal mummy
 65038 | Tomb:1   | Noticed a royal mummy
 65043 | Tomb:1   | Killed a royal mummy
 65108 | Tomb:1   | Noticed a royal mummy
 65113 | Tomb:1   | Killed a royal mummy
 65172 | Tomb:1   | Noticed a royal mummy
 65177 | Tomb:1   | Killed a royal mummy
 65180 | Tomb:1   | Noticed a royal mummy
 65257 | Tomb:1   | Killed a royal mummy
 65315 | Tomb:1   | Noticed a royal mummy
 65320 | Tomb:1   | Killed a royal mummy
 65383 | Tomb:1   | Noticed a royal mummy
 65384 | Tomb:1   | Noticed a royal mummy
 65385 | Tomb:1   | Noticed a royal mummy
 65389 | Tomb:1   | Killed a royal mummy
 65389 | Tomb:1   | Killed a royal mummy
 65389 | Tomb:1   | Killed a royal mummy
 65547 | Tomb:2   | Noticed a royal mummy
 65547 | Tomb:2   | Noticed a royal mummy
 65547 | Tomb:2   | Noticed a royal mummy
 65549 | Tomb:2   | Noticed a royal mummy
 65554 | Tomb:2   | Killed a royal mummy
 65554 | Tomb:2   | Killed a royal mummy
 65554 | Tomb:2   | Killed a royal mummy
 65554 | Tomb:2   | Killed a royal mummy
 66366 | Tomb:3   | Entered Level 3 of the Tomb of the Ancients
 66377 | Tomb:3   | Reached skill level 15 in Spellcasting
 66387 | Tomb:3   | Noticed a royal mummy
 66387 | Tomb:3   | Noticed a royal mummy
 66388 | Tomb:3   | Noticed a royal mummy
 66389 | Tomb:3   | Noticed a royal mummy
 66389 | Tomb:3   | Noticed a royal mummy
 66390 | Tomb:3   | Noticed a royal mummy
 66391 | Tomb:3   | Noticed a royal mummy
 66391 | Tomb:3   | Noticed a royal mummy
 66392 | Tomb:3   | Killed a royal mummy
 66392 | Tomb:3   | Noticed a royal mummy
 66416 | Tomb:3   | Killed a royal mummy
 66421 | Tomb:3   | Killed a royal mummy
 66433 | Tomb:3   | Killed a royal mummy
 66441 | Tomb:3   | Killed a royal mummy
 66443 | Tomb:3   | Killed a royal mummy
 66444 | Tomb:3   | Killed a royal mummy
 66444 | Tomb:3   | Killed a royal mummy
 66573 | Tomb:3   | Found the +16 obsidian axe {drain, demonic, Mesm Drain Fly
                  | SInv}
 66577 | Tomb:3   | Found the +8 demon blade "Leech" {evervamp, Harm Drain rN+}
 66609 | Tomb:3   | Identified the +2 buckler of Plasticity {Rampage Int+4
                  | Stlth+}
 66634 | Tomb:3   | Identified the +3 broad axe "Jepne" {flame, rC+}
 66673 | Tomb:3   | Identified the +0 trident of Annoyance {venom, rPois Will++
                  | rCorr MP-9}
 66743 | Tomb:3   | Killed a royal mummy
 66793 | Tomb:3   | Identified the staff of the Sage {Str-2 Int+6 Conj Earth}
 66839 | Tomb:3   | Identified the +1 pair of gloves of Rutiph {-Tele rCorr
                  | Int+3 Dex+5}
 66956 | Tomb:3   | Got a golden rune of Zot
 67443 | Geh:1    | Entered Level 1 of Gehenna
 67516 | Coc:1    | Entered Level 1 of Cocytus
 67628 | Tar:1    | Entered Level 1 of Tartarus
 67860 | Zot:1    | Entered Level 1 of the Realm of Zot
 68052 | Zot:1    | Identified the +1 ring mail "Detahios" {rN+ rCorr Str+5
                  | Dex-5}
 68168 | Zot:1    | Noticed an orb of fire
 68171 | Zot:1    | Killed an orb of fire
 69600 | Zot:2    | Learned a level 9 spell: Fire Storm
 69603 | Zot:2    | Learned a level 2 spell: Blink
 70302 | Zot:3    | Reached skill level 15 in Conjurations
 70304 | Zot:3    | Upgraded the game from 0.31-a0-662-g684573625c to
                  | 0.31-a0-664-g902f515a81
 70464 | Zot:3    | Noticed an orb of fire
 70465 | Zot:3    | Gained mutation: You have hidden genetic defects. [an orb
                  | of fire]
 70469 | Zot:3    | Killed an orb of fire
 71312 | Zot:3    | Gained mutation: You are weak. (Str -2) [hidden defects]
 71402 | Zot:4    | Identified the ring of Xom's Bemusement {Ice rN+ Int+3}
 71402 | Zot:4    | Noticed Josephina
 71405 | Zot:4    | Killed Josephina
 72039 | Zot:4    | Gained mutation: You are vulnerable to heat. (rF-) [hidden
                  | defects]
 72039 | Zot:4    | Lost mutation: You have hidden genetic defects. [hidden
                  | defects expressed]
 72184 | Zot:4    | Identified the +3 ring mail "Duamniwo" {+Blink +Inv rF+
                  | Dex-4}
 72185 | Zot:4    | Identified the +0 cloak of Salvation {Dex+2}
 73927 | Tar:6    | Noticed an ancient lich
 73932 | Tar:6    | Killed an ancient lich
 73935 | Tar:6    | Noticed a dread lich
 73940 | Tar:6    | Killed a dread lich
 74030 | Tar:7    | Entered Level 7 of Tartarus
 75105 | Tar:7    | Noticed Ereshkigal
 75108 | Tar:7    | Paralysed by Ereshkigal for 2 turns
 75773 | Tar:7    | Killed Ereshkigal
 75908 | Tar:7    | Identified the +6 spear "Fouhohat" {protect, Int+4}
 75912 | Tar:7    | Got a bone rune of Zot
 75915 | Tar:7    | Identified the +9 flail of Calamity {drain, Str+3 Dex-2}
 75916 | Tar:7    | Identified the +10 war axe of Xaihaice {flame, rF+ Int-5
                  | SInv}
 76363 | Tar:7    | Identified the +9 eveningstar "Kakac" {heavy, Str+3}
 76364 | Tar:7    | Identified the ring "Jyguhes" {rElec rC- Str+2 Int+6}
 76612 | Tar:7    | Identified the +8 mace of Destiny {chaos, *Noise rPois
                  | rCorr Int+3}
 76616 | Tar:7    | Identified the +2 war axe "Izarr" {freeze, rC++ rN+ Will++}
 76708 | Coc:1    | Paralysed by a wendigo for 1 turns
 77379 | Coc:7    | Entered Level 7 of Cocytus
 77535 | Coc:7    | Identified the +0 dire flail of Woyx {heavy, rF+ rN+ Will-
                  | rCorr}
 77635 | Coc:7    | Reached skill level 27 in Fighting
 77667 | Coc:7    | Learned a level 9 spell: Death's Door
 77727 | Coc:7    | Reached skill level 1 in Necromancy
 78035 | Coc:7    | Noticed the Serpent of Hell
 78074 | Coc:7    | Noticed Antaeus
 78240 | Coc:7    | Identified the ring "Isaxalur" {rPois rN+++ rCorr Str+6
                  | Slay-6}
 78246 | Coc:7    | Got the Parchment of Impulse and Therianthropy
 78571 | Coc:7    | Killed Antaeus
 78572 | Coc:7    | Reached skill level 5 in Necromancy
 78712 | Coc:7    | Identified the staff "Simerof" {rElec rPois Stlth+ Poison}
 78770 | Coc:7    | Killed the Serpent of Hell
 79129 | Coc:7    | Identified the +5 flail of Woquul {drain, *Rage rElec rCorr
                  | Int+4}
 79133 | Coc:7    | Got an icy rune of Zot
 80644 | Geh:3    | Reached skill level 15 in Armour
 81539 | Geh:7    | Entered Level 7 of Gehenna
 82571 | Geh:7    | Identified the +5 scale mail of the Tarantula {rElec Will+
                  | Regen+ Int+3}
 82910 | Geh:7    | Found the +13 sceptre of Asmodeus
 82910 | Geh:7    | Noticed Asmodeus
 82937 | Geh:7    | Killed Asmodeus
 83019 | Geh:7    | Got an obsidian rune of Zot
 83417 | Dis:1    | Entered Level 1 of the Iron City of Dis
 83485 | Dis:1    | You are sucked into a shaft and drop 1 floor!
 83530 | Dis:2    | Noticed a juggernaut
 83534 | Dis:2    | Killed a juggernaut
 83600 | Dis:2    | Noticed a juggernaut
 83605 | Dis:2    | Killed a juggernaut
 83606 | Dis:2    | Reached skill level 27 in Earth Magic
 83703 | Dis:2    | Noticed a juggernaut
 83707 | Dis:2    | Killed a juggernaut
 83743 | Dis:2    | Noticed a juggernaut
 83746 | Dis:2    | Killed a juggernaut
 84341 | Dis:3    | Found a burning altar of Makhleb.
 85421 | Dis:7    | Entered Level 7 of the Iron City of Dis
 85437 | Dis:7    | Noticed a juggernaut
 85446 | Dis:7    | Killed a juggernaut
 85592 | Dis:7    | Noticed a juggernaut
 85598 | Dis:7    | Killed a juggernaut
 85743 | Dis:7    | Noticed a juggernaut
 85746 | Dis:7    | Killed a juggernaut
 85851 | Dis:7    | Identified the +4 short sword of Armageddon {freeze,
                  | Fragile Str-5 Int+7 SInv}
 87048 | Dis:7    | Identified the +7 long sword "Kaaczuviam" {protect, rPois}
 87048 | Dis:7    | Noticed Dispater
 87054 | Dis:7    | Killed Dispater
 87183 | Dis:7    | Got an iron rune of Zot
 87452 | Dis:7    | Got the Essays on Summoned Terrain
 87955 | Pan      | Entered Pandemonium
 88578 | Pan      | Noticed Uluheesyosm the pandemonium lord
 88585 | Pan      | Killed Uluheesyosm the pandemonium lord
 89508 | Pan      | Got Sif Muna's Omnibus of Bodies and Assaults
 89588 | Pan      | Identified the +1 robe of Lies {rPois rC+}
 89883 | Pan      | HP: 1/199 [daeva/divine providence (10)]
 90134 | Pan      | Noticed a seraph
 90138 | Pan      | Killed a seraph
 90138 | Pan      | Identified the +3 buckler "Qushrima" {+Blink +Inv Regen+
                  | Int-3}
 90142 | Pan      | Identified the +9 sling of Anwaisupn {freeze, Int+3 Dex+4}
 90142 | Pan      | Identified the +0 chain mail of the Game Afoot {rC+ MP+9}
 90142 | Pan      | Identified the amulet of Lelackea {Faith rPois rN+ Int-3}
 90191 | Pan      | Identified the +9 dagger of the Loving Pill Bug {heavy,
                  | *Rage Int+3 Stlth+}
 90652 | Pan      | Found a glowing golden altar of the Shining One.
 90669 | Pan      | Got a demonic rune of Zot
 90959 | Pan      | Found a white marble altar of Elyvilon.
 91256 | Pan      | Identified the +4 tower shield "Beni" {Int+6 Dex+4}
 91586 | Pan      | Found a glowing silver altar of Zin.
 92526 | Pan      | Found an exit through the horrors of the Abyss.
 92801 | Pan      | Noticed Rapluhy the pandemonium lord
 92803 | Pan      | Killed Rapluhy the pandemonium lord
 93565 | Pan      | Reached skill level 10 in Necromancy
 93646 | Pan      | Found an exit through the horrors of the Abyss.
 93739 | Pan      | Noticed Wyuh the pandemonium lord
 93744 | Pan      | Killed Wyuh the pandemonium lord
 94284 | Pan      | Entered the realm of Lom Lobon.
 94549 | Pan      | Noticed Lom Lobon
 94557 | Pan      | Killed Lom Lobon
 94656 | Pan      | Got a magical rune of Zot
 95131 | Pan      | Identified the +6 long sword "Witucidi" {drain, Dex+3}
 95965 | Pan      | Noticed Qoaghobb the pandemonium lord
 95968 | Pan      | Killed Qoaghobb the pandemonium lord
 97395 | Pan      | Found an exit through the horrors of the Abyss.
 97558 | Pan      | Found a runed translucent door.
 97563 | Pan      | Found a runed translucent door.
 97567 | Pan      | Found a runed translucent door.
 97662 | Pan      | Found a runed translucent door.
 98512 | Pan      | Noticed Plog the pandemonium lord
 98517 | Pan      | Killed Plog the pandemonium lord
 98595 | Pan      | Identified the +8 trident of the Imperium {freeze, rCorr
                  | Str+3 Int+2}
 98981 | Pan      | Gained mutation: You are dopey. (Int -2) [a cacodemon]
 98998 | Pan      | Gained mutation: You are very vulnerable to heat. (rF--) [a
                  | cacodemon]
 99071 | Pan      | Noticed Retuas Faorch the pandemonium lord
 99078 | Pan      | Killed Retuas Faorch the pandemonium lord
 99270 | Pan      | Gained mutation: You do not regenerate when monsters are
                  | visible. [a neqoxec]
100260 | Pan      | Entered the realm of Cerebov.
101056 | Pan      | Noticed Ignacio
101061 | Pan      | Killed Ignacio
101660 | Pan      | Identified the ring "Upluin" {rCorr Str+6}
102025 | Pan      | Identified the +1 falchion of the Harvest {speed, rCorr
                  | Int+6 Stlth+}
102051 | Pan      | Found the +6 sword of Cerebov {flame}
102051 | Pan      | Noticed Cerebov
102224 | Pan      | Identified the ring "Forget-Me-Not" {Will+ Str+4 Int+2
                  | Dex-4}
102343 | Pan      | Killed from afar by a balrug

Illustrated notes

Levels and vault maps discovered:
D:1:      minmay_arrival_stone_box, layout_loops_cross,
          ebering_ecumenical_altar_box, minmay_3d_cube
D:2:      layout_loops_corners, serial_shops, nicolae_shop_bloodbath_and_beyond,
          basic_altar, minmay_misc_feat_enclosed, st_stairs_13,
          minmay_misc_feat_ornament
D:3:      layout_loops_cross, nicolae_dithmenos_through_a_glass_darkly,
          minitemple, portal_sewer_entry_e, dk_noncrumbling_3,
          chequers_serial_rivers_marsh, uniq_crazy_yiuf_cottage
D:4:      layout_loops_ring, kennysheep_nub
D:5:      layout_rooms, xom_teletrap_fun, minmay_starry_boxes
D:6:      layout_loops_ring, minmay_overflow_temple_star_quad, serial_shops,
          nicolae_shop_tiny_waterfront
D:7:      layout_loops_ring, minmay_temple_entry_hall, serial_shops,
          nicolae_shop_tiny_real_fake_doors, uniq_duvessa
D:8:      layout_cave_pools, yredelemnul_altar_generic,
          minmay_stone_trees_medium, nicolae_shop_sticking_my_neck_out,
          uniq_prince_ribbit1, uniq_jeremiah
D:9:      layout_grid_maze, david_orc_4, dk_noncrumbling_4
D:10:     layout_roguey, due_lair_maze_entry_diamond, serial_curves,
          eino_curves_04, eino_curves_04, kennysheep_generic_room_4
D:11:     layout_loops_corners, biasface_ghost_orc_armoury,
          amcnicky_mini_rare_corridor_liquid
D:12:     layout_basic, serial_shops, shop, wad_floor_pattern_untrapped
D:13:     layout_irregular_city
D:14:     layout_cave_pools, hellmonk_vaults_keyhole, gammafunk_ghost_split,
          minmay_misc_feat_hallway
D:15:     grunt_enter_depths_giant_problem, layout_irregular_city
Temple:   jpeg_temple_clearing
Lair:1:   layout_roguey, columned_hall_lemuel, infiniplex_staircase_pool_2
Lair:2:   layout_gridlike, palyth_hydra_swamp_entry,
          minmay_snake_entry_guardpost_small, gauntlet_entry_generic,
          uniq_amaemon
Lair:3:   layout_gridlike
Lair:4:   layout_small_grid, serial_bayou_shore_b, infiniplex_staircase_pool,
          grunt_megastairs_2
Lair:5:   evil_forest, layout_hall_layers, minmay_slime_entry_oklob_open
Swamp:1:  nicolae_swamp_ascending_descending, layout_basic_swamp,
          nicolae_swamp_bean_lake
Swamp:2:  layout_basic_swamp, evilmike_swamp_ruin_house_2, uniq_frances
Swamp:3:  layout_basic_swamp, nicolae_swamp_some_circles
Swamp:4:  swamp, layout_basic_swamp, ebering_ghost_funeral_grove
Snake:1:  layout_grid_shapes, ebering_ghost_rock_garden, drop_trap,
          serial_bayou_shore_a, minmay_shop_grove
Snake:2:  layout_rooms, serial_shops, nicolae_shop_hallway_plus,
          nicolae_snake_lava_pool, grunt_megastairs_5, uniq_aizul
Snake:3:  layout_honeycomb, minmay_shoptagon, uniq_louise
Snake:4:  snake_pit_salamanders_mu, layout_misc_corridors, serial_shops,
          nicolae_shop_crystal, basic_altar, gammafunk_ghost_cemetery
Slime:1:  layout_caves
Slime:2:  layout_caves
Slime:3:  layout_caves
Slime:4:  layout_caves
Slime:5:  slime_pit_nicolae_trefoil
Orc:1:    layout_caves, basic_altar
Orc:2:    hellmonk_orc_salted, layout_caves, mines2_lemuel
Elf:1:    minmay_elf_arrival_summoners, layout_loops_corners,
          hangedman_elf_disciples, door_vault
Elf:2:    nicolae_elf_blades_crystal_corner, layout_geoelf_diagonals,
          lemuel_upstairs_altar, uniq_asterion
Elf:3:    minmay_elf_hall_statues, layout_loops_cross, serial_shops,
          nicolae_shop_trees
Vaults:1: nicolae_vaults_specimen_jars, ontoclasm_vaults_misaligned,
          nicolae_vaults_tangram_2, grunt_vaults_bifocal, nicolae_vaults_prndl,
          st_cells, vaults_standard_mumra_x, v_misc_3, nicolae_vaults_house_3,
          vaults_mumra_hexcomb, grunt_vaults_trifunnel, nicolae_vaults_house_2,
          ontoclasm_vaults_twist, vaults_dpeg_diagonal,
          ontoclasm_vaults_loading_screen, vaults_dpeg_hooks, v_misc_17,
          ontoclasm_vaults_decontamination, v_misc_23,
          layout_vaults_maze_snakey, uniq_norris
Vaults:2: ontoclasm_vaults_spin, vaults_standard_mumra_lines,
          nicolae_vaults_offset_grid_hallway_2,
          hangedman_vaults_stretched_pinwheel, hangedman_vaults_snaps,
          nicolae_vaults_closet_pinwheel_6, v_misc_17,
          nicolae_vaults_border_crossing, v_misc_1,
          nicolae_vaults_big_angled_halls, nicolae_vaults_trapezoid_lopsided_2,
          nicolae_vaults_trapezoid_3, grunt_vaults_hallway_long,
          vaults_room_semicircle, nicolae_vaults_asterisk,
          nicolae_vaults_tetromino_Z_2, nicolae_vaults_gold_heap,
          layout_vaults_big_cross
Vaults:3: grunt_vaults_twisty, vaults_dpeg_cross,
          minmay_crypt_entry_skeletal_spiral, vaults_mumra_hex,
          nicolae_vaults_little_squares_6, nicolae_vaults_trapezoid_lopsided_1,
          vaults_room_hangedman_quadrants, nicolae_vaults_shelves_hall,
          nicolae_vaults_theta, layout_vaults_big_room
Vaults:4: nicolae_vaults_turnstiles, nicolae_vaults_wrenched,
          nicolae_vaults_tangram_1, hangedman_vaults_stream, v_misc_25,
          nicolae_vaults_what_the_h, nicolae_vaults_oval_intersection,
          v_misc_33, nicolae_vaults_six-pack, grunt_vaults_focal,
          hangedman_vaults_impose, nicolae_vaults_tetromino_L_1,
          nicolae_vaults_cochlea, hangedman_vaults_corner_blocks,
          layout_vaults_omnibox, uniq_donald
Vaults:5: uniq_bai_suzhen
Crypt:1:  layout_chaotic_city, grunt_crypt_arrival_webbed
Crypt:2:  layout_rooms, st_stairs_4, nicolae_crypt_statuary_hall
Crypt:3:  grunt_crypt_end_deaths_head
Tomb:1
Tomb:2
Tomb:3
Depths:1: layout_forbidden_donut, chequers_serial_rivers_room_a,
          pf_hell_entry_tar_spiral, serial_shops, kennysheep_little_box,
          minmay_tree_intersection, hangedman_decor_points, nrook_uturn,
          minmay_crystal_box, roderic_lattice_octagonal_star
Depths:2: dreamdust_cat_pyramid, layout_cave_pools,
          minmay_misc_feat_secret_circle, serial_shops, shop,
          grunt_pan_entry_sceptre, hell_entry, nicolae_tso_swordbearing_angel,
          uniq_vv
Depths:3: minmay_strange_plus, layout_gridlike, lightli_too_deep,
          gammafunk_ghost_tricky_traps, abyss_entry, serial_shops,
          nicolae_shop_real_fake_doors, nicolae_shop_fire_sale
          [nicolae_sub_dead_trees]
Depths:4: evilmike_zot_entry_hall, layout_basic, enter_ziggurat_e,
          grunt_hell_entry_dis_mu, serial_shops, bzr_entry_road,
          nicolae_eternal_life, pandoras_box_mu
Hell
Dis:1:    layout_gridville
Dis:2:    nicolae_hells_titanomachy
Dis:3:    kennysheep_iron_temple, layout_jigsaw
Dis:4:    layout_subdivisions
Dis:5:    layout_gridville, nicolae_dis_emergency_hatch
Dis:6:    hangedman_dis_monolith, layout_regular_city
Dis:7:    dis_grunt_layers
Geh:1:    layout_gehenna_pools_box, nicolae_geh_gnashing_of_teeth
Geh:2:    layout_gehenna_pools_triple
Geh:3:    nicolae_hells_demon_pit, layout_gehenna_pools_box
Geh:4:    layout_gehenna_lava_caves
Geh:5:    layout_gehenna_pools_basic, minmay_fire_ice_demons
Geh:6:    layout_gehenna_lava_caves, lemuel_flamethrower_3
Geh:7:    geh_hangedman
Coc:1:    layout_cocytus_water_paths
Coc:2:    layout_cocytus_water_paths
Coc:3:    layout_cocytus_water_paths
Coc:4:    layout_ice_bergs
Coc:5:    layout_cocytus_water_paths
Coc:6:    layout_ice_bergs
Coc:7:    coc_mu
Tar:1:    layout_cathedral_of_symmetry
Tar:2:    layout_honeycomb, nicolae_tar_stay_or_leave
Tar:3:    layout_catacombs
Tar:4:    layout_grid_maze, nicolae_tar_cuneiform_sun
Tar:5:    layout_honeycomb, nicolae_tar_cuneiform_not
Tar:6:    layout_grid_maze, nicolae_tar_cuneiform_sun
Tar:7:    tar_minmay_river
Zot:1:    lemuel_halls_of_wrath, layout_misc_corridors, grunt_ministairs_11,
          grunt_megastairs_3
Zot:2:    kennysheep_blocky_room, layout_basic
Zot:3:    layout_misc_corridors, grunt_megastairs_4
Zot:4:    layout_cathedral_of_symmetry, uniq_josephina
Pan:      grunt_pan_pentagram, layout_gridlike, pan_blood_fountain_small,
          evilmike_holy_pan, lemuel_hellion_island, layout_stronghold,
          pan_blood_fountain_small, grunt_pan_spiral, layout_long_grid,
          nicolae_pan_lom_lobonic_4, lom_lobon_grunt, layout_basic,
          pan_blood_fountain_small, regret_index_pan_draining_boxed,
          layout_small_grid, nicolae_pan_lom_lobonic_3, nicolae_pan_sigil_itan,
          reaverb_pan_chaos_star, rand_demon_7, layout_chambers, pan_disco_hall,
          layout_irregular_city, pan_blood_fountain_2, pan_blood_fountain_small,
          nicolae_pan_gloorx_vloqian_4, cerebov_grunt_fire_and_steel,
          layout_basic, uniq_ignacio, nicolae_pan_cerebovesque_4

Skill      XL: |  1  2  3  4  5  6  7  8  9 10 11 12 13 14 15 16 17 18 19 20 21 22 23 24 25 26 27 |
---------------+----------------------------------------------------------------------------------+-----
Fighting       | 1 3 4 6 8 9 11 12 13 15 16 18 20 21 22 23 27 | 27.0
Spellcasting   | 3 4 5 7 9 10 12 13 25 | 25.7
Conjurations   | 5 6 8 9 10 11 13 14 26 | 26.1
Staves         | 1 2 4 6 |  6.0
Armour         | 1 5 7 9 11 12 20 | 20.8
Dodging        | 2 4 5 7 8 9 10 11 14 | 14.6
Fire Magic     | 6 9 12 14 16 17 25 | 25.1
Shields        | 4 8 12 13 14 15 19 | 19.3
Earth Magic    | 8 13 19 22 27 | 27.0
Ice Magic      | 11 17 21 25 | 25.1
Necromancy     | 11 | 11.6
Stealth        | |  2.1

Action                     |  1- 3 |  4- 6 |  7- 9 | 10-12 | 13-15 | 16-18 | 19-21 | 22-24 | 25-27 || total
---------------------------+-------+-------+-------+-------+-------+-------+-------+-------+-------++-------
  Melee: Unarmed           |    10 |       |       |       |       |       |       |       |       ||    10
         Whip              |     5 |    26 |       |       |       |       |       |       |       ||    31
         Staff             |       |    33 |    42 |     5 |     6 |    23 |       |       |   126 ||   235
         Spear             |       |       |       |       |    11 |    28 |     7 |       |       ||    46
         Punch             |       |       |       |       |       |     1 |       |       |       ||     1
         Bo                |       |       |       |       |       |       |    16 |    15 |   159 ||   190
         War axe           |       |       |       |       |       |       |       |       |     8 ||     8
  Throw: Javelin           |       |       |       |       |       |       |       |       |    11 ||    11
   Cast: Magic Dart        |    63 |    66 |   124 |   266 |   618 |   157 |    48 |     6 |    36 ||  1384
         Searing Ray       |     2 |     5 |    34 |    62 |    76 |    40 |    52 |    35 |    39 ||   345
         Iskenderun's Batt |       |       |     7 |    68 |   156 |    99 |   101 |    51 |   107 ||   589
         Fireball          |       |       |       |       |    65 |   322 |   408 |   374 |  1339 ||  2508
         Orb of Destructio |       |       |       |       |       |    75 |    98 |    40 |   774 ||   987
         Passwall          |       |       |       |       |       |     1 |       |       |       ||     1
         Ignition          |       |       |       |       |       |     8 |    62 |   110 |   186 ||   366
         Shatter           |       |       |       |       |       |       |       |    98 |   493 ||   591
         Polar Vortex      |       |       |       |       |       |       |       |       |   154 ||   154
         Fire Storm        |       |       |       |       |       |       |       |       |   103 ||   103
         Blink             |       |       |       |       |       |       |       |       |     2 ||     2
  Evoke: Wand              |       |       |       |       |       |     5 |       |     2 |     5 ||    12
    Use: Scroll            |     5 |     4 |     6 |     8 |     4 |    16 |     2 |       |     7 ||    52
         Potion            |       |       |       |    11 |     4 |    17 |     3 |     1 |    28 ||    64
   Stab: Sleeping          |       |     2 |       |       |       |       |       |       |       ||     2
         Petrified         |       |       |       |     1 |       |       |       |       |       ||     1
 Armour: Robe              |    18 |    46 |    76 |   206 |   373 |    65 |       |       |       ||   784
         Skin              |       |       |       |       |     3 |       |       |       |   270 ||   273
         Leather armour    |       |       |       |       |       |   615 |   308 |   271 |   849 ||  2043
         Chain mail        |       |       |       |       |       |       |       |       |   294 ||   294
  Dodge: Dodged            |    17 |    51 |    59 |   170 |   280 |   280 |   137 |    99 |   446 ||  1539
  Block: Buckler           |       |       |       |       |       |    30 |    32 |       |       ||    62
         Kite shield       |       |       |       |       |       |       |    63 |   138 |   742 ||   943

Table legend: (Time is in decaauts)
 A = Elapsed time spent in this place.
 B = Non-inter-level travel time spent in this place.
 C = Inter-level travel time spent in this place.
 D = Time resting spent in this place.
 E = Time spent auto-exploring this place.
 F = Levels seen in this place.
 G = Mean time per level.
                   A        B        C        D        E       F      G
               +--------+--------+--------+--------+--------+-----+--------+
         Total | 102561 |  92453 |  10108 |   3227 |  68656 | 100 | 1025.6 |
       Dungeon |  17231 |  14434 |   2797 |    209 |  12238 |  15 | 1148.7 |
        Temple |     45 |      3 |     42 |      0 |      0 |   1 |   45.0 |
          Lair |   7714 |   6277 |   1437 |    469 |   4441 |   5 | 1542.8 |
         Swamp |   3773 |   3360 |    413 |    276 |   2473 |   4 |  943.2 |
     Snake Pit |   6147 |   5702 |    445 |    308 |   4024 |   4 | 1536.8 |
    Slime Pits |   3362 |   3069 |    293 |    170 |   2373 |   5 |  672.4 |
  Orcish Mines |   2638 |   2265 |    373 |    140 |   1687 |   2 | 1319.0 |
   Elven Halls |   5508 |   4973 |    535 |    160 |   3731 |   3 | 1836.0 |
        Vaults |   8436 |   7628 |    808 |    261 |   5832 |   5 | 1687.2 |
         Crypt |   3647 |   3272 |    375 |    436 |   2245 |   3 | 1215.7 |
          Tomb |   3189 |   2990 |    199 |      0 |   2060 |   3 | 1063.0 |
        Depths |   5851 |   4675 |   1176 |    486 |   3250 |   4 | 1462.8 |
          Hell |    945 |    673 |    272 |     89 |    347 |   1 |  945.0 |
           Dis |   4185 |   4048 |    137 |      0 |   3017 |   7 |  597.9 |
       Gehenna |   3360 |   3220 |    140 |      0 |   2094 |   7 |  480.0 |
       Cocytus |   2622 |   2495 |    127 |      0 |   1732 |   7 |  374.6 |
      Tartarus |   3609 |   3355 |    254 |      0 |   2060 |   7 |  515.6 |
           Zot |   4825 |   4546 |    279 |    149 |   3380 |   4 | 1206.2 |
         Abyss |    945 |    945 |      0 |      0 |    336 |   3 |  315.0 |
   Pandemonium |  14384 |  14384 |      0 |     74 |  11204 |   9 | 1598.2 |
        Bazaar |    134 |    134 |      0 |      0 |    129 |   1 |  134.0 |
               +--------+--------+--------+--------+--------+-----+--------+

Top non-repeatable levels by time:
   Tar:7: 2652 daAuts
   Elf:1: 2297 daAuts
  Lair:5: 2235 daAuts
   Dis:7: 2184 daAuts
Vaults:2: 2074 daAuts
 Snake:4: 2041 daAuts
 Snake:1: 1945 daAuts
   Coc:7: 1930 daAuts
   Geh:7: 1849 daAuts
Depths:1: 1816 daAuts
Vaults:3: 1796 daAuts
  Tomb:1: 1757 daAuts
 Crypt:3: 1751 daAuts
    D:11: 1741 daAuts
  Lair:4: 1669 daAuts
